Map: Kairos Junction LE

Players

TiPtOP - Winner!

  • Race: Terran Terran
  • League: Silver
  • Spawn Location: 11:00

Terranium

  • Race: Terran Terran
  • League: Gold
  • Spawn Location: 5:00

VOD

Have the link to the VOD?

Description

Time

  • Played on: Aug. 18, 2019, 11:08 p.m.
  • Length: 5:19
Show
View Real Time Build Order
Export as new Build Order

TiPtOP Terran - Winner!

Build Orders: 2 Factory, Mech 

Get SALT Encoding   

  12  0:01  SCV  
  13  0:13  SCV  
  14  0:21  Supply Depot  
  14  0:25  SCV  
  15  0:42  SCV  
  16  0:45  Barracks  
  16  0:50  Refinery  
  16  0:54  SCV  
  17  1:02  Supply Depot  
  17  1:06  SCV  
  18  1:18  SCV  
  20  1:34  Orbital Command  
  20  1:36  Marine  
  20  1:53  Command Center  
  20  2:00  SCV  
  21  2:07  Factory  
  21  2:10  Barracks Tech Lab  
  21  2:19  Supply Depot  
  21  2:25  Refinery  
  21  2:45  SCV  
  22  2:57  SCV  
  23  3:06  Siege Tank  
  23  3:12  Factory  
  26  3:18  SCV  
  26  3:19  Engineering Bay  
  27  3:22  Bunker  
  27  3:33  SCV  
  28  3:38  Orbital Command  
  31  3:48  Siege Tank  
  31  3:52  SCV  
  32  4:02  Missile Turret  
  32  4:04  SCV  
  33  4:10  Missile Turret  
  33  4:16  SCV  
  34  4:18  SCV  
  34  4:20  Refinery  
  35  4:38  Factory Reactor  
  35  4:56  SCV  
  36  5:09  Armory  
  36  5:13  Factory  
  37  5:15  Command Center  
Show
View Real Time Build Order
Export as new Build Order

Terranium Terran 

Build Orders:  

Get SALT Encoding   

  12  0:01  SCV  
  13  0:13  SCV  
  14  0:18  Supply Depot  
  14  0:25  SCV  
  15  0:39  SCV  
  15  0:41  Barracks  
  16  0:47  Supply Depot  
  16  1:30  Orbital Command  
  16  1:31  Marine  
  17  1:49  Marine  
  18  2:04  Barracks  
  18  2:07  Marine, Barracks  
  19  2:09  Barracks  
  19  2:12  Barracks  
  19  2:14  Barracks  
  19  2:18  Supply Depot  
  19  2:25  Marine  
  20  2:31  Supply Depot  
  20  2:35  Supply Depot  
  20  2:43  Marine  
  21  2:53  Marine  
  21  2:55  Marine  
  21  2:56  Marine  
  24  2:59  Marine  
  24  3:01  Marine  
  24  3:02  Marine  
  27  3:10  Marine  
  28  3:13  Marine  
  28  3:14  Marine  
  28  3:17  Marine  
  31  3:23  Marine x2  
  33  3:28  Marine  
  33  3:31  Marine  
  35  3:38  Marine x2  
  35  3:41  Marine x2  
  37  3:46  Marine  
  40  3:49  Marine  
  41  3:56  Marine x2  
  41  3:59  Marine x2  
  45  4:04  Marine  
  45  4:07  Marine  
  46  4:14  Marine x2  
  46  4:16  Marine  
  46  4:17  Marine  
Tags
 
Composition
Mech
Matchup
TvT
Opening
2 Factory
Race
Terran
Spawn Locations
Cross Positions
Add a new tag
Caveats
  • Supply blocks, unpowered buildings, or Contaminate may cause inaccurate times.
  • Supply counts are checked every 10 seconds.